[Event "Early-Titled-Tuesday-Blitz-January-30-2024"]
[Site "Chess.com"]
[Date "2024.01.30"]
[Round "4"]
[White "ljuks68"]
[Black "BeardedNM"]
[Result "1-0"]
[WhiteElo "2425"]
[BlackElo "2194"]
[TimeControl "180+1"]
[EndTime "8:41:43 PST"]
[Termination "ljuks68 won by resignation"]

1. e4 e6 2. d4 d5 3. Nc3 Bb4 4. e5 c5 5. a3 Bxc3+ 6. bxc3 Ne7 7. h4 Nbc6 8. h5 Qa5 9. Bd2 h6 10. Qg4 Qa4 11. Nf3 Nf5 12. Bd3 Nce7 13. Qf4 c4 14.
Be2 g5 15. hxg6 Nxg6 16. Qh2 Qxc2 17. g4 Nfe7 18. Qg3 Bd7 19. Rc1 Qb2 20. Rxh6 O-O-O 21. Rxh8 Rxh8 22. Ng5 Rh1+ 23. Bf1 Rxf1+ 24. Kxf1 Qxd2 25.
Qe3 Qxe3 26. fxe3 Be8 27. Ke2 b6 28. Rh1 Kd7 29. Rh7 Nf8 30. Rg7 Neg6 31. Nxf7 Bxf7 32. Rxf7+ Ke8 33. Rxa7 Ne7 34. Rb7 Nd7 35. Kf3 Nc8 36. Kf4 Kd8 37. g5 Nf8 38. Kg4 Ne7 39. Rxb6 Kc7 40.
Rb1 Nc6 41. Kh5 Na5 42. g6 Nxg6 43. Kxg6 Nb3 44. Kf6 Kd7 45. Rh1 Nd2 46. Rh7+ Kc6 47. Kxe6 Nb1 48. Kf7 Nxc3 49. e6 Ne4 50. e7 Nd6+ 51.
Kf8 c3 52. Rh1 c2 53. Rc1 Kd7 54. Rxc2 Ne4 55. e8=Q+ 1-0

[Event "Early-Titled-Tuesday-Blitz-January-30-2024"]
[Site "Chess.com"]
[Date "2024.01.30"]
[Round "4"]
[White "themind1hunter"]
[Black "Amirreza_p"]
[Result "1-0"]
[WhiteElo "2542"]
[BlackElo "2741"]
[TimeControl "180+1"]
[EndTime "8:41:44 PST"]
[Termination "themind1hunter won by resignation"]

1. e4 c5 2. Nf3 g6 3. d4 cxd4 4. Nxd4 Bg7 5. c4 Nc6 6. Be3 Nf6 7. Nc3 d6 8. Be2 O-O 9. O-O Nxd4 10. Bxd4 a5 11.
f3 a4 12. Nxa4 Be6 13. Nc3 Qa5 14. a3 Rfc8 15. b4 Qd8 16. Nd5 Bxd5 17. exd5 Nd7 18. Bxg7 Kxg7 19. Qd4+ f6 20. Kh1 Qb6 21. Qe4 Re8 22.
f4 f5 23. Qd3 e5 24. dxe6 Rxe6 25. Bf3 Re3 26. Qd2 Re7 27. Rfe1 Rae8 28. Rxe7+ Rxe7 29. h3 Nf6 30. Rd1 Ne4 31. Qd4+ Qxd4 32. Rxd4 Re6 33. Kg1 Kf6 34. Bxe4 fxe4 35. Kf2 h5 36. Ke3 Kf5 37. g3 b6 38. Rd5+ Kf6 39. Rb5 Re8 40. Rxb6 Ra8 41. Rxd6+ Kf5 42. Rd5+ Kf6 43. Ra5 Rd8 44. Kxe4 Rd1 45.
Ra6+ Kg7 46. c5 Re1+ 47. Kf3 1-0

[Event "Early-Titled-Tuesday-Blitz-January-30-2024"]
[Site "Chess.com"]
[Date "2024.01.30"]
[Round "4"]
[White "PepeCuenca"]
[Black "marik_spb"]
[Result "0-1"]
[WhiteElo "2667"]
[BlackElo "2445"]
[TimeControl "180+1"]
[EndTime "8:41:46 PST"]
[Termination "marik_spb won on time"]

1. d4 Nf6 2. Bf4 d5 3. e3 c5 4. dxc5 e6 5. b4 a5 6. c3 Nc6 7. Bb5 Bd7 8. Qb3 Be7 9. Nd2 O-O 10. Ngf3 Nxb4 11. Be2 Na6 12. Qxb7 Nxc5 13. Qb1 Nfe4 14.
Qc2 Ba4 15. Qc1 Bf6 16. Nd4 e5 17. O-O exf4 18. exf4 Nxd2 19. Qxd2 Ne4 20. Qd3 Rc8 21. Rfc1 Re8 22. Bg4 Rc4 23. Rab1 Qc7 24. Ne2 g6 25. Qxd5 Nxc3 26. Nxc3 Rxc3 27. Rf1 Bc6 28. Qd2 Be4 29. Rbe1 Rd8 30. Qxd8+ Qxd8 31. Rxe4 Kg7 32. a4 h5 33.
Bf3 Rxf3 34. gxf3 Qd3 35. Kg2 h4 36. h3 Bc3 37. Rg1 Qc2 38. Rf1 Bb4 39. Rg1 Qxa4 40.
Rc1 Qb3 41. Rc7 Qd5 42. Rec4 Bd6 43. R7c6 Bxf4 44. Rc2 Bd6 45. Ra6 Qg5+ 46. Kf1 Bb4 47. Re2 Qb5 48. Ra8 a4 0-1

[Event "Early-Titled-Tuesday-Blitz-January-30-2024"]
[Site "Chess.com"]
[Date "2024.01.30"]
[Round "4"]
[White "Karttunen"]
[Black "jcibarra"]
[Result "0-1"]
[WhiteElo "2607"]
[BlackElo "2855"]
[TimeControl "180+1"]
[EndTime "8:41:47 PST"]
[Termination "jcibarra won by resignation"]

1. e4 c5 2. Nf3 e6 3. d4 cxd4 4.
Nxd4 Bc5 5. Nb3 Bb6 6. Nc3 Ne7 7. Bd3 O-O 8. Qh5 f5 9. O-O Nbc6 10. Bg5 Ne5 11.
Rad1 h6 12. Bxe7 Qxe7 13. exf5 Nxd3 14. Rxd3 Rxf5 15. Qe2 Qf8 16. Na4 Bc7 17. c4 b6 18.
Nc3 Rf4 19. g3 Rxc4 20. Rf3 Qb4 21. Nd2 Rc6 22. Rb1 Bb7 23. Qd3 d5 24. Qg6 Rf8 25. a3 Qe7 26. Re1 d4 27. Rxf8+ Qxf8 28. Nb5 e5 29.
Qd3 Bb8 30. a4 Rf6 31. Rf1 Qb4 32. Qc4+ Qxc4 33. Nxc4 a6 34. Nba3 e4 35. Rd1 d3 36.
Ne3 Be5 37. Nac4 Bd4 38. b3 b5 39. axb5 axb5 40. Na3 b4 41. Nac4 Ba6 42. Ng4 Rf3 43.
Nd2 Rf8 44. Nxe4 Bc8 45. Rxd3 Ba7 46. Ne3 Bb7 47. Nd6 Bf3 48. Ndc4 Bc5 49. Rd7 Ra8 50.
Nf1 Ra1 51. Nd2 Be2 52. Rd8+ Kh7 53. Re8 Bb5 54. Kg2 Bxe8 0-1

[Event "Early-Titled-Tuesday-Blitz-January-30-2024"]
[Site "Chess.com"]
[Date "2024.01.30"]
[Round "4"]
[White "ajkom197"]
[Black "simonachess"]
[Result "1-0"]
[WhiteElo "2548"]
[BlackElo "2359"]
[TimeControl "180+1"]
[EndTime "8:41:47 PST"]
[Termination "ajkom197 won on time"]

1. Nf3 Nf6 2. e3 b6 3. c4 Bb7 4.
d4 e6 5. Bd3 c5 6. O-O Be7 7. Nc3 O-O 8. b3 d6 9. Bb2 cxd4 10.
exd4 Re8 11. Re1 Nbd7 12. h3 Bf8 13. Rc1 g6 14. Bf1 Bg7 15. g3 d5 16. Bg2 dxc4 17. bxc4 Rc8 18. Nb5 Nf8 19. Ba3 Rb8 20. Nd6 Bxf3 21. Qxf3 Re7 22. Ne4 Rd7 23. Nxf6+ Qxf6 24. Qxf6 Bxf6 25. d5 exd5 26. cxd5 Rbd8 27. Rc6 Bd4 28.
h4 f5 29. Kf1 b5 30. Rec1 a5 31. R1c2 b4 32. Bc1 Be5 33. Bg5 Re8 34. Rc8 Rxc8 35. Rxc8 Kf7 36. Ra8 Bc7 37. Bf3 Bb6 38. Ra6 Bc7 39. Rf6+ Kg7 40. Rc6 h6 41. Be3 Bd6 42. Bd4+ Kf7 43. Be2 a4 44. Bc4 a3 45. Bb3 Nh7 46.
Rb6 Nf6 47. Ba4 Rd8 48. Rb7+ Be7 49. Bc5 Nxd5 50. Bb3 Kf6 51. Bd4+ Ke6 52. Rb5 Bf8 53. Ke2 g5 54. hxg5 hxg5 55. g4 f4 56. Kf3 1-0

[Event "Early-Titled-Tuesday-Blitz-January-30-2024"]
[Site "Chess.com"]
[Date "2024.01.30"]
[Round "4"]
[White "vesalhamedinia"]
[Black "Attacks_Hurricane"]
[Result "1-0"]
[WhiteElo "2501"]
[BlackElo "2242"]
[TimeControl "180+1"]
[EndTime "8:41:47 PST"]
[Termination "vesalhamedinia won by checkmate"]

1. d4 f5 2. Nf3 Nf6 3. Bf4 e6 4.
e3 Be7 5. Bc4 O-O 6. O-O b6 7.
a4 Bb7 8. Nbd2 Kh8 9. h3 h6 10. Ne5 Qe8 11. a5 d6 12. Nd3 Bd8 13. a6 Bc6 14. Nb4 e5 15. dxe5 dxe5 16. Nxc6 Nxc6 17. Bg3 Be7 18. Bb5 Rd8 19. Qe2 Bc5 20. Bxc6 Qxc6 21. Bxe5 Rfe8 22. Nf3 Ne4 23. Rfd1 Qg6 24. Rxd8 Rxd8 25. Bxc7 Re8 26. Bf4 Qf6 27. c3 g5 28.
Bc7 Nxf2 29. Nd4 Bxd4 30. cxd4 Ne4 31. Be5 Rxe5 32. dxe5 Qxe5 33. Rd1 Kg7 34. Rd7+ Kg6 35. Rxa7 f4 36. exf4 Qxf4 37. Re7 Ng3 38. Qe6+ Kh5 39. Qf7+ Qxf7 40. Rxf7 Ne2+ 41. Kf2 Nd4 42. a7 Ne6 43. a8=Q Nf4 44. Qf3+ Kg6 45. Rb7 Kf5 46. g4+ Ke5 47.
Rxb6 h5 48. Rb5+ Kf6 49. gxh5 Kg7 50. Qg4 Kh6 51. Qxg5+ Kh7 52. Rb7+ Kh8 53. Qg7# 1-0

[Event "Early-Titled-Tuesday-Blitz-January-30-2024"]
[Site "Chess.com"]
[Date "2024.01.30"]
[Round "4"]
[White "h4parah5"]
[Black "Oleksandr_Bortnyk"]
[Result "0-1"]
[WhiteElo "2895"]
[BlackElo "3113"]
[TimeControl "180+1"]
[EndTime "8:41:48 PST"]
[Termination "Oleksandr_Bortnyk won by resignation"]

1. d4 Nf6 2. c4 b6 3. f3 Nc6 4.
Nc3 Bb7 5. d5 Ne5 6. e4 e6 7. f4 Ng6 8. e5 Bb4 9. exf6 Qxf6 10.
g3 exd5 11. cxd5 O-O 12. Kf2 Bxc3 13. bxc3 Qxc3 14. Be3 Bxd5 15. Rc1 Qa5 16. Nf3 Rae8 17. Qd2 Qxd2+ 18. Bxd2 c5 19. Bb5 Ne7 20. Rhe1 Nc6 21.
Ne5 Nd4 22. Bxd7 Rd8 23. Bg4 Bxa2 24. Bc3 Nb5 25. Nc6 Rd6 26. Ne7+ Kh8 27. Nf5 Rg6 28.
Bh5 Nxc3 29. Bxg6 hxg6 30. Rxc3 gxf5 31. Ra3 Be6 32. Rxa7 b5 33. Re5 Rc8 34. Rb7 b4 35. Rb5 b3 36. Rexc5 Ra8 37. Ke3 g6 38. Rc3 Ra2 39. h4 Kg7 40. Kd4 Rd2+ 41. Rd3 Re2 42. Re3 Rd2+ 43. Rd3 Rc2 44. Rb6 Rc4+ 45. Ke5 Re4+ 46.
Kd6 Re2 47. Kc7 b2 48. Rd4 Ba2 49. Rdb4 b1=Q 50. Rxb1 Bxb1 51. Rxb1 Re3 52. Rg1 Kh6 53. g4 fxg4 54. Rxg4 Kh5 55. Rg5+ Kxh4 56. Kd6 Re4 57. Rg1 Rxf4 58. Ke5 0-1

[Event "Early-Titled-Tuesday-Blitz-January-30-2024"]
[Site "Chess.com"]
[Date "2024.01.30"]
[Round "4"]
[White "Witik"]
[Black "SaiAgni_98"]
[Result "0-1"]
[WhiteElo "2664"]
[BlackElo "2581"]
[TimeControl "180+1"]
[EndTime "8:41:50 PST"]
[Termination "SaiAgni_98 won by resignation"]

1. d4 d5 2. c4 e6 3. Nf3 Nf6 4. g3 Bb4+ 5. Bd2 Bd6 6. Bg2 c6 7. O-O Ne4 8. Nc3 f5 9. Bf4 O-O 10. Qc2 Qe7 11. Rab1 a5 12. a3 Nd7 13. e3 Ndf6 14. c5 Bc7 15. Bxc7 Qxc7 16. Ne5 Nd7 17. Nd3 b6 18. b4 axb4 19. axb4 bxc5 20. bxc5 Ba6 21.
Rfd1 Bxd3 22. Rxd3 e5 23. f3 Nxc3 24. Rxc3 exd4 25.
exd4 f4 26. g4 Rfe8 27. Rcb3 Qa5 28. Qc1 Nf6 29. Qxf4 Re1+ 30. Bf1 h6 31. Qg3 Rae8 32. Rb8 Rxb1 33. Rxb1 Qd2 34. Qf2 Qf4 35. Rd1 Re3 36. Kg2 h5 37. h3 hxg4 38. hxg4 Nxg4 39. fxg4 Qxg4+ 40. Kh1 Qxd1 41. Qxe3 Qxf1+ 42. Kh2 Qf7 43. Qe5 Qf6 44. Qe8+ Kh7 45. Qc8 Kh6 46. Kg3 Qg6+ 47. Kf4 Qf6+ 48. Kg3 g5 49. Qd7 Kg6 50. Qe8+ Kf5 51.
Qd7+ Ke4 52. Qg4+ Qf4+ 53. Qxf4+ gxf4+ 54. Kf2 Kxd4 0-1

[Event "Early-Titled-Tuesday-Blitz-January-30-2024"]
[Site "Chess.com"]
[Date "2024.01.30"]
[Round "4"]
[White "diamonds13"]
[Black "Ural_bogatyr"]
[Result "0-1"]
[WhiteElo "2348"]
[BlackElo "2542"]
[TimeControl "180+1"]
[EndTime "8:41:50 PST"]
[Termination "Ural_bogatyr won by resignation"]

1. d4 Nf6 2. c4 e6 3. Nc3 d5 4. cxd5 exd5 5. Bg5 Be7 6. e3 h6 7. Bh4 O-O 8. Bd3 Bg4 9. f3 Be6 10. Qc2 c5 11. Nge2 Nc6 12. O-O c4 13. Bf5 a6 14. Rae1 b5 15. a3 Rb8 16. Bg3 Rb7 17.
Bxe6 fxe6 18. Nf4 Qd7 19. Ng6 Re8 20. Ne5 Nxe5 21. Bxe5 a5 22. e4 b4 23. axb4 axb4 24. Nd1 Rf8 25. Bxf6 Bxf6 26. e5 Bg5 27. g3 Bd8 28. f4 Bb6 29. Qd2 Rc8 30. f5 exf5 31. e6 Qe8 32. Rxf5 Re7 33. Qe3 Rc6 34. Re5 Bc7 35. Nf2 Bxe5 36. Qxe5 Rexe6 37. Qxd5 Kh8 38. Rf1 Red6 39. Qb5 c3 40. bxc3 bxc3 41. Nd3 Qe3+ 42. Kg2 Qe4+ 43. Kh3 Rb6 44. Rf8+ Kh7 45. Qc4 Qe6+ 46.
Qxe6 Rxe6 47. d5 Red6 48. Rc8 Rxd5 49. Rxc3 Rbd6 50. Nf4 Rd2 51. Rc7 Rd7 52. Rc6 Ra2 53. Rb6 Rdd2 54. Rb7 Rxh2+ 55. Kg4 Ra6 56. Kf5 Rc2 57. Kg4 Rc5 58. Kf3 Ra3+ 59. Kg4 Rg5+ 60. Kh3 Raxg3+ 61. Kh2 R3g4 62. Nh3 Rh4 63. Rb3 Rgh5 64.
Rc3 0-1

[Event "Early-Titled-Tuesday-Blitz-January-30-2024"]
[Site "Chess.com"]
[Date "2024.01.30"]
[Round "4"]
[White "pedro_gines"]
[Black "AlmasRakhmatullaev"]
[Result "0-1"]
[WhiteElo "2783"]
[BlackElo "2962"]
[TimeControl "180+1"]
[EndTime "8:41:51 PST"]
[Termination "AlmasRakhmatullaev won by resignation"]

1. d4 d5 2. c4 e6 3. Nc3 a6 4.
cxd5 exd5 5. Nf3 c6 6. Bf4 Nf6 7. e3 Bd6 8. Be5 O-O 9. Qc2 Re8 10. Bd3 h6 11. h3 Qe7 12. O-O Nbd7 13. Bxd6 Qxd6 14.
Rad1 b6 15. Rfe1 Bb7 16. e4 dxe4 17. Nxe4 Nxe4 18. Bxe4 Nf6 19. Ne5 Nxe4 20. Qxe4 Rad8 21. Qf3 Re7 22. Qb3 Qc7 23. Nc4 Rxe1+ 24. Rxe1 b5 25. Ne5 Rxd4 26. Nxf7 Rd5 27. Ne5 c5 28. Qg3 Qd6 29. Qf4 Qe6 30. Nf3 Qd7 31. Qb8+ Kh7 32. Ne5 Qe7 33. Nd3 Qg5 34. Qxb7 Rxd3 35.
Qe4+ Qg6 36. Qxg6+ Kxg6 37. Re6+ Kf5 38. Rxa6 Rd1+ 39.
Kh2 Rd2 40. Rc6 Rc2 41. b4 c4 42. Rc5+ Ke4 43. Rxb5 Rxa2 44. Rb7 g5 45. Kg3 c3 46.
Rc7 c2 47. b5 Kd4 48. Kg4 Ra4 49. b6 Kd3+ 50. Kh5 Rb4 51. b7 Rxb7 52. Rxb7 c1=Q 53. Kxh6 Qc6+ 54. Kxg5 Qxb7 0-1

[Event "Early-Titled-Tuesday-Blitz-January-30-2024"]
[Site "Chess.com"]
[Date "2024.01.30"]
[Round "4"]
[White "Zavgorodniy_Sergiy"]
[Black "ViIIagra"]
[Result "0-1"]
[WhiteElo "2617"]
[BlackElo "2947"]
[TimeControl "180+1"]
[EndTime "8:41:51 PST"]
[Termination "ViIIagra won on time"]

1. e4 Nc6 2. Nf3 d6 3. Bb5 Nf6 4. Nc3 g6 5. d4 Bg7 6. h3 O-O 7.
Bxc6 bxc6 8. O-O Nd7 9. Re1 e5 10. dxe5 Nxe5 11. Nxe5 Bxe5 12. Be3 Rb8 13. Rb1 Qf6 14.
Bxa7 Rb7 15. Be3 Be6 16. f4 Bxf4 17. Bxf4 Qxf4 18. Kh1 Qe5 19. Qd2 Rfb8 20. b3 Kg7 21. Ne2 Ra8 22. a4 c5 23. Nc3 Rb4 24. Nd5 Rd4 25.
Qf2 c6 26. Nf4 Re8 27. Rbd1 Rxe4 28. Rxe4 Qxe4 29. Rxd6 Bf5 30. Rd2 c4 31. Qg3 cxb3 32.
cxb3 Qb4 33. Re2 Rd8 34. Kh2 Rd4 35. Nh5+ Kh6 36. Nf6 Qd6 37. Qxd6 Rxd6 38. a5 Rxf6 39. Rf2 c5 40. g4 Ra6 41. gxf5 Rxa5 42. fxg6 Kxg6 43.
Rc2 Rb5 44. Rc3 Kf5 45. Kg3 Ke4 46. Kg4 f5+ 47. Kg5 f4 48. Rc4+ Ke3 49. Rxf4 Rxb3 50.
Rf5 c4 51. Rc5 Kd4 52. Rc7 Rxh3 0-1

[Event "Early-Titled-Tuesday-Blitz-January-30-2024"]
[Site "Chess.com"]
[Date "2024.01.30"]
[Round "4"]
[White "patzersame"]
[Black "Mesa_1"]
[Result "0-1"]
[WhiteElo "2370"]
[BlackElo "2561"]
[TimeControl "180+1"]
[EndTime "8:41:53 PST"]
[Termination "Mesa_1 won by checkmate"]

1. e4 c5 2. b4 cxb4 3. a3 d5 4. exd5 Qxd5 5. Nf3 e5 6. axb4 Bxb4 7. c4 Qe6 8. Bd3 Nf6 9. O-O O-O 10. Bb2 Nc6 11.
Re1 e4 12. Ng5 Qd6 13. Nxe4 Qxd3 14. Nxf6+ gxf6 15. Re3 Qd6 16. Rg3+ Kh8 17. Qh5 Ne5 18. Qh6 Rg8 19. f4 Bc5+ 20. Kh1 Rxg3 21. hxg3 Ng4 22. Qh4 Bf5 23. Nc3 Nf2+ 24. Kh2 Ng4+ 25. Kh1 Rg8 26.
Nd5 Rg6 27. Re1 Rh6 28. Qxh6 Nxh6 29. Bxf6+ Kg8 30. Re8+ Qf8 31. Re5 Bg6 32. d4 Bd6 33. Ne7+ Bxe7 34. Rxe7 Nf5 35. Rd7 Nxg3+ 36. Kh2 Ne2 37. d5 Nxf4 38. d6 Qh6+ 39. Kg3 Ne2+ 40. Kf2 Qf4+ 41. Kxe2 Qxf6 42. Rxb7 Qe5+ 43. Kf3 Be4+ 44.
Kg4 Bxb7 45. d7 Qe6+ 46. Kg5 Qxd7 47. g4 Bf3 48. c5 Qxg4+ 49. Kf6 Qf4+ 50. Ke7 Qe5+ 51. Kd7 Qxc5 52. Ke8 Bc6+ 53. Kd8 Qd6+ 54. Kc8 Qd7+ 55. Kb8 Qb7# 0-1

[Event "Early-Titled-Tuesday-Blitz-January-30-2024"]
[Site "Chess.com"]
[Date "2024.01.30"]
[Round "4"]
[White "BardArtem"]
[Black "Lion-Al-Messi"]
[Result "1-0"]
[WhiteElo "2785"]
[BlackElo "2568"]
[TimeControl "180+1"]
[EndTime "8:41:54 PST"]
[Termination "BardArtem won on time"]

1. e4 e6 2. d4 d5 3. Nc3 Nf6 4. exd5 exd5 5. Bg5 Be6 6. Bd3 Nc6 7. Nf3 Bd6 8. O-O h6 9. Bh4 g5 10. Bg3 Nh5 11. Bxd6 Qxd6 12. Bb5 Nf4 13. Ne5 O-O 14. Bxc6 bxc6 15. Re1 c5 16. dxc5 Qxc5 17. Nd3 Nxd3 18. Qxd3 Rab8 19. b3 Rb4 20. Rad1 c6 21. Ne2 a5 22.
Nd4 Bd7 23. c3 Rbb8 24. Qg3 Rbe8 25. h4 f6 26. Qd3 Kg7 27. Rxe8 Rxe8 28. h5 f5 29.
Nxf5+ Bxf5 30. Qxf5 Qd6 31. c4 Rf8 32. Qd3 Qf6 33.
Qd4 dxc4 34. bxc4 Qxd4 35. Rxd4 Rf6 36. Rd7+ Kg8 37. Rc7 Re6 38. Kf1 g4 39. c5 a4 40. Ra7 Re5 41. Rxa4 Rxc5 42. Rxg4+ Kf7 43. Rg6 Rc1+ 44. Ke2 Rc2+ 45. Kf3 Rc3+ 46. Kg4 Rc2 47. Kg3 Rxa2 48. Rxh6 c5 49. Rc6 Rc2 50. f4 c4 51. Kf3 c3 52. g4 Rc1 53. Kg2 c2 54. g5 1-0

[Event "Early-Titled-Tuesday-Blitz-January-30-2024"]
[Site "Chess.com"]
[Date "2024.01.30"]
[Round "4"]
[White "tarno17"]
[Black "rikchessmx"]
[Result "0-1"]
[WhiteElo "2053"]
[BlackElo "2319"]
[TimeControl "180+1"]
[EndTime "8:41:54 PST"]
[Termination "rikchessmx won on time"]

1. e4 c5 2. Nf3 e6 3. Nc3 a6 4. d3 b5 5. g3 Bb7 6. Bg2 d6 7. O-O Nd7 8. Ne2 h5 9. h4 Be7 10. Nf4 Ngf6 11. Nh3 Ng4 12. Nhg5 Nf8 13. Qe1 f6 14. Nh3 Nh7 15. Nf4 Nf8 16. Nh3 e5 17. Nh2 Nxh2 18. Kxh2 g5 19. f4 exf4 20. hxg5 fxg5 21.
gxf4 g4 22. Ng5 Qd7 23. a4 b4 24. c3 a5 25. cxb4 axb4 26. b3 Rg8 27. e5 Bxg2 28. Kxg2 O-O-O 29. e6 Qc6+ 30. Qe4 Qxe4+ 31. dxe4 Bxg5 32.
fxg5 Nxe6 33. Rf5 Nd4 34. Rf7 h4 35. Bf4 h3+ 36. Kh2 Ne6 37. Bg3 Nxg5 38. Rf6 Nf3+ 39. Kh1 d5 40. e5 Rgf8 41. a5 Rxf6 42. exf6 Rf8 43. a6 Kd7 44. a7 Ke6 45. Bb8 Rxf6 46.
a8=Q Rf4 47. Qc6+ Kf5 48. Bxf4 Kxf4 49. Qd6+ Ke3 50. Qxd5 g3 51. Qxc5+ Kf4 52. Qxb4+ Ke3 53. Re1+ Kf2 54. Qc5+ Kxe1 55. b4 Kf1 0-1

[Event "Early-Titled-Tuesday-Blitz-January-30-2024"]
[Site "Chess.com"]
[Date "2024.01.30"]
[Round "4"]
[White "DavidGavrilescu18"]
[Black "ketster"]
[Result "0-1"]
[WhiteElo "2801"]
[BlackElo "2600"]
[TimeControl "180+1"]
[EndTime "8:41:55 PST"]
[Termination "ketster won by checkmate"]

1. e4 c5 2. Nf3 Nf6 3. e5 Nd5 4. b3 d6 5. Bb2 Nc6 6. Bb5 Bd7 7.
exd6 e6 8. O-O Bxd6 9. Bxg7 Rg8 10. Bb2 Nf4 11. g3 Qb6 12. Na3 Be7 13. Kh1 Nh3 14. Qe2 a6 15. Bd3 Nb4 16. Bxh7 O-O-O 17. Nc4 Qc7 18.
Be5 Qc6 19. Be4 Nd5 20. a4 f5 21. Bxd5 exd5 22. Na5 Qb6 23. b4 cxb4 24. Nb3 d4 25. Nbxd4 Bc6 26. Qc4 Bc5 27. a5 Rxd4 28. Qxg8+ Qd8 29.
Qxd8+ Rxd8 30. Kg2 Ng5 31. h4 Nxf3 32. Bf6 Nxd2+ 33.
Kh3 Rf8 34. Bg5 Nxf1 35. Rxf1 Be4 36. f3 Bxc2 37. Rc1 b3 38. h5 Ba3 39. h6 b2 40. Rxc2+ Kd7 41. Rd2+ Ke6 42. Re2+ Kf7 43. Re1 Rc8 44. h7 Kg7 45. Re7+ Bxe7 46. Bxe7 Kxh7 47. Kh4 b1=Q 48. Kg5 Qd3 49. Kf6 Rg8 50. Kf7 Qxf3 51. Kf6 Qxg3 52. Bd6 Qg6+ 53. Ke7 Re8+ 54. Kd7 Qe6+ 55.
Kc7 Rc8+ 56. Kb6 Qxd6+ 57. Ka7 Qb8+ 58. Kb6 Rc6# 0-1

[Event "Early-Titled-Tuesday-Blitz-January-30-2024"]
[Site "Chess.com"]
[Date "2024.01.30"]
[Round "4"]
[White "Incognito_Knight"]
[Black "AwareIdea"]
[Result "1-0"]
[WhiteElo "2736"]
[BlackElo "2521"]
[TimeControl "180+1"]
[EndTime "8:41:55 PST"]
[Termination "Incognito_Knight won by resignation"]

1. b3 e5 2. Bb2 Nc6 3. c4 Nf6 4. Nf3 d6 5. d4 exd4 6. Nxd4 Bd7 7. e3 g6 8. Be2 Bg7 9. O-O O-O 10. Bf3 Re8 11. Nc3 a6 12. Nd5 Nxd5 13. cxd5 Nxd4 14. Bxd4 Bf5 15. Bxg7 Kxg7 16. Rc1 Rc8 17. Qd4+ f6 18. Rc3 Re7 19. Rfc1 b6 20. g4 Bd7 21. g5 Rf7 22. Be2 Bb5 23. Bg4 Bd7 24. Be6 Rf8 25. gxf6+ Rxf6 26. Bxd7 Qxd7 27. b4 h5 28. a4 g5 29.
a5 bxa5 30. bxa5 Kg6 31. Qe4+ Qf5 32. Qxf5+ Rxf5 33. e4 Rf4 34. Rxc7 Rxc7 35. Rxc7 Rxe4 36. Rc6 Kf5 37. Rxd6 Rd4 38. h3 h4 39. Kg2 Rd3 40.
Rxa6 Rxd5 41. Ra8 Rd3 42. a6 Rd7 43. a7 Rf7 44. Kf1 Kf4 45. Ke2 Kf5 46. Ke3 Re7+ 47. Kd4 Rf7 48. Ke3 Re7+ 49. Kd3 Rf7 50. Kc4 Kf4 51.
Kd5 Kf3 52. Ke6 Rh7 53. Rf8+ Kg2 54. a8=Q+ Kxh3 55. Qe4 Rh6+ 56. Kf5 g4 57. Qxg4+ 1-0

[Event "Early-Titled-Tuesday-Blitz-January-30-2024"]
[Site "Chess.com"]
[Date "2024.01.30"]
[Round "4"]
[White "Kotlyar_K"]
[Black "Sajith_Peiris"]
[Result "0-1"]
[WhiteElo "2478"]
[BlackElo "2259"]
[TimeControl "180+1"]
[EndTime "8:41:56 PST"]
[Termination "Sajith_Peiris won by checkmate"]

1. e4 c6 2. Nf3 d5 3. Nc3 Nf6 4. e5 Ne4 5. Ne2 Qb6 6. d4 e6 7.
c3 c5 8. a3 Nc6 9. Ng3 Nxg3 10.
hxg3 cxd4 11. cxd4 Bd7 12. b4 Rc8 13. Rb1 Be7 14. Be3 a6 15. Bd3 h6 16. g4 Na7 17. g5 Nb5 18. Bxb5 Bxb5 19. gxh6 gxh6 20. Rxh6 Rxh6 21. Bxh6 Rc6 22. Rc1 Qc7 23. Rxc6 Qxc6 24. Qc1 Bc4 25. Bg5 Bf8 26. Bh4 Qc7 27. Nd2 b5 28. Nb3 Be7 29. Bxe7 Qxe7 30. Nc5 Qh4 31.
g3 Qxd4 32. Qe3 Qa1+ 33. Kd2 Qb2+ 34. Kd1 Qb1+ 35. Kd2 Qb2+ 36. Kd1 d4 37. Qf3 Qb1+ 38. Kd2 Qb2+ 39. Kd1 d3 40. Qa8+ Ke7 41. Qb7+ Kf8 42. Qc8+ Kg7 43. Nxd3 Qb3+ 44. Kd2 Qxd3+ 45. Kc1 Qxa3+ 46.
Kd2 Qxb4+ 47. Ke3 Qc3+ 48. Kf4 Qd4+ 49. Kg5 Qxe5+ 50. Kh4 Qf6+ 51. Kh3 Bf1+ 52. Kh2 Qxf2+ 53. Kh1 Qg2# 0-1

[Event "Early-Titled-Tuesday-Blitz-January-30-2024"]
[Site "Chess.com"]
[Date "2024.01.30"]
[Round "4"]
[White "JimDiGrease"]
[Black "VinzentSpitzl"]
[Result "1-0"]
[WhiteElo "2937"]
[BlackElo "2619"]
[TimeControl "180+1"]
[EndTime "8:41:57 PST"]
[Termination "JimDiGrease won on time"]

1. d4 Nf6 2. c4 e6 3. Bf4 d5 4.
Nc3 Bb4 5. Qa4+ Nc6 6. e3 O-O 7. Nf3 Re8 8. Rd1 Bd7 9. Qc2 h6 10. a3 Bf8 11. h3 a6 12. Be2 dxc4 13. Bxc4 Bd6 14. Ne5 Qe7 15. O-O Rad8 16. Bd3 Nd5 17. Nxd5 exd5 18. Nxc6 Bxc6 19. Bxd6 Qxd6 20. Rc1 a5 21.
Qc3 a4 22. Qc5 Qd7 23. Qb4 Re7 24. Rc5 Ra8 25. Rfc1 g6 26. Be2 Kg7 27. Bf3 Qd6 28.
Bxd5 Bxd5 29. Rxd5 Qxb4 30. axb4 c6 31. Ra5 Ree8 32.
Ra1 b5 33. Rxa8 Rxa8 34. Kf1 Kf6 35. Ke2 Ke6 36. e4 Kd6 37. Ke3 f6 38. Ra3 g5 39.
Rc3 h5 40. g3 Ra7 41. f4 g4 42.
h4 Ra6 43. f5 Ra8 44. Kf4 Re8 45. Rc5 Ra8 46. e5+ fxe5+ 47. dxe5+ Kd7 48. f6 a3 49. bxa3 Rxa3 50. Rc2 Rf3+ 51. Kg5 Rxg3 52. Kxh5 Ke6 53.
Rxc6+ Kxe5 54. Kg5 Kd5 55. f7 Rf3 56. Rf6 Rxf6 57.
Kxf6 g3 58. f8=Q 1-0

[Event "Early-Titled-Tuesday-Blitz-January-30-2024"]
[Site "Chess.com"]
[Date "2024.01.30"]
[Round "4"]
[White "azikom"]
[Black "Ron_Weasley_Chess"]
[Result "1-0"]
[WhiteElo "2717"]
[BlackElo "2428"]
[TimeControl "180+1"]
[EndTime "8:41:58 PST"]
[Termination "azikom won by resignation"]

1. e4 c6 2. Nc3 d5 3. Nf3 dxe4 4. Nxe4 Nf6 5. Ng3 h5 6. h3 h4 7. Ne2 Bf5 8. d3 e6 9. Bg5 Qb6 10. Rb1 Bc5 11. d4 Bb4+ 12. Bd2 Nbd7 13. Nc3 Nd5 14. Be2 Qa5 15. a3 Bxc3 16. bxc3 Qxa3 17. Rb3 Qa2 18. Rxb7 Qxc2 19. O-O N5b6 20. Qxc2 Bxc2 21. Ra1 a5 22. c4 a4 23. Bf4 O-O 24. Ra3 Bb3 25. Nd2 Bc2 26.
Bc7 Nc8 27. Bf3 Ra7 28. Bxc6 Rxb7 29. Bxb7 Ne7 30. Bd6 Re8 31. Nf3 Nf6 32. Be5 Nf5 33.
c5 Rc8 34. Bxc8 Nd5 35. Bb7 Nb4 36. c6 Be4 37. Rxa4 Nxc6 38. Ra8+ Kh7 39. Ra6 Nxe5 40.
Bxe4 Nxf3+ 41. Bxf3 Nxd4 42. Be4+ f5 43. Bb7 e5 44. Rd6 Ne2+ 45. Kf1 Nf4 46. Rd8 e4 47. Rf8 g6 48. Bxe4 Ne6 49. Rf6 Ng7 50. Bd5 Kh6 51.
Bf7 Kg5 52. Rxg6+ 1-0

[Event "Early-Titled-Tuesday-Blitz-January-30-2024"]
[Site "Chess.com"]
[Date "2024.01.30"]
[Round "4"]
[White "Duhless"]
[Black "Eagle_2019"]
[Result "1-0"]
[WhiteElo "3097"]
[BlackElo "2808"]
[TimeControl "180+1"]
[EndTime "8:41:59 PST"]
[Termination "Duhless won on time"]

1. d4 d5 2. Nf3 Nf6 3. Bf4 e6 4. e3 c5 5. Nbd2 Nc6 6. c3 cxd4 7. exd4 Nh5 8. Be3 Bd6 9. Bd3 Nf4 10. Bxf4 Bxf4 11. O-O O-O 12. Re1 g6 13. Nf1 Bd7 14. Ne3 h5 15. Re2 Qf6 16. Qb3 Rab8 17. a4 b6 18.
Rae1 Bd6 19. Qd1 Kg7 20. Bb5 Rbd8 21. Nf1 Nb8 22. Ne5 Bxe5 23. Rxe5 a6 24. Bd3 Bc8 25. R5e3 Nc6 26. Qe2 a5 27. Nd2 Ne7 28. Nf3 Bd7 29. Qd1 Nf5 30. R3e2 Nd6 31. Ne5 Be8 32. Re3 Rb8 33.
Rf3 Qe7 34. Rg3 h4 35. Rh3 Rh8 36. Qg4 Rh6 37. Bc2 f5 38. Qd1 g5 39. Rhe3 Bh5 40. Qc1 Rc8 41. h3 Bf7 42. R3e2 Qf6 43. f3 Rc7 44. Qd1 f4 45. Bd3 Nf5 46. Ng4 Qg6 47.
Nxh6 Qxh6 48. Bxf5 exf5 49. Re5 Qf6 50. Qd3 Bg6 51.
Re6 Qf7 52. Qe2 1-0